 Dungeon Crawl Stone Soup version 0.23.2-1-ga50397a (webtiles) character file.

Game seed: 7432161473318982968

163 Aske the Cudgeler (level 5, 0/49 HPs)
             Began as a Gargoyle Berserker on Apr 20, 2019.
             Was a Believer of Trog.
             Slain by a rat (2 damage)
             ... on level 3 of the Dungeon.
             The game lasted 00:01:38 (1707 turns).

Aske the Cudgeler (Gargoyle Berserker)              Turns: 1707, Time: 00:01:38

Health: 0/49       AC:  7    Str: 25    XL:     5   Next: 44%
Magic:  5/5        EV: 12    Int:  8    God:    Trog [**....]
Gold:   68         SH:  0    Dex: 10    Spells: 4/4 levels left

rFire    . . .     SeeInvis .   a - +0 mace
rCold    . . .     Gourm    .   (no shield)
rNeg     + . .     Faith    .   b - +0 animal skin
rPois    ∞         Spirit   .   o - +0 helmet
rElec    +         Reflect  .   (no cloak)
rCorr    .         Harm     .   (no gloves)
MR       .....                  (no boots)
Stlth    ..........             (no amulet)
HPRegen  0.16/turn              (no ring)
MPRegen  0.09/turn              (no ring)

@: berserking, slowed
A: negative energy resistance 1, electricity resistance, unbreathing,
petrification resistance, rot immunity, AC +4
a: Berserk, Trog's Hand, Renounce Religion


You were on level 3 of the Dungeon.
You worshipped Trog.
Trog was pleased with you.
You were near starving.

You visited 1 branch of the dungeon, and saw 3 of its levels.

You collected 68 gold pieces.

Inventory:

Hand Weapons
 a - a +0 mace (weapon)
Armour
 b - a +0 animal skin (worn)
 o - a +0 helmet (worn)
Scrolls
 e - 3 scrolls of identify {unknown}
 f - a scroll of fear {unknown}
 h - 3 scrolls of remove curse {unknown}
 m - a scroll of teleportation {unknown}
 n - a scroll of amnesia {unknown}
Potions
 d - 2 potions of heal wounds {unknown}
 g - 2 potions of curing {unknown}
 i - a potion of might {unknown}
 j - 2 potions of lignification {unknown}
 k - a potion of degeneration {unknown}
Comestibles
 c - 2 rations


   Skills:
 + Level 3.8 Fighting
 * Level 4.0 Maces & Flails
 + Level 3.0 Armour
 * Level 2.7 Dodging
 + Level 1.9 Stealth


You had 4 spell levels left.
You didn't know any spells.
Your spell library was empty.

Dungeon Overview and Level Annotations

Branches:
Dungeon (3/15)

Altars:
Makhleb
Ru


Innate Abilities, Weirdness & Mutations

You are resistant to torment.
Your stone body is resilient. (AC +4)
You are immune to poison.
You resist negative energy. (rN+)
You are resistant to electric shocks. (rElec)
You can survive without breathing.
You are immune to petrification.
You are immune to rotting.


Message History

The hobgoblin hits you.
* * * LOW HITPOINT WARNING * * *
The rat bites you but does no damage. The orc hits you but does no damage.
The hobgoblin hits you but does no damage.
The rat bites you.
* * * LOW HITPOINT WARNING * * *
You hit the orc.
The orc is heavily wounded.
The orc hits you with a +0 short sword.
* * * LOW HITPOINT WARNING * * *
The hobgoblin closely misses you. The rat bites you but does no damage.
You sock the orc!
You feel the power of Trog in you as your rage grows.
You kill the orc!
Trog accepts your kill. The hobgoblin closely misses you.
The rat barely misses you.
You barely miss the hobgoblin. The hobgoblin closely misses you.
The rat bites you but does no damage.
You closely miss the rat. The hobgoblin closely misses you. The rat bites you.
You die...

## . .## .. ..
... #.###
....#...## .
.......## ..
#.g).>####...
#.)@.......#
##.r)<#...####
#.....<.......
#.............##
#..#.....#.####
........###..#
......### ...
..##.# ##.. #.
...


You could see a hobgoblin and a rat.

Vanquished Creatures
  An orc wizard (D:3)
  An orc priest (D:3)
  Robin (D:2)
  2 adders (D:2)
  3 dart slugs
  8 orcs
  7 bats
  14 goblins
  5 hobgoblins
  3 jackals (D:1)
  4 kobolds
  2 ball pythons
  4 frilled lizards
  6 rats
61 creatures vanquished.

Notes
Turn   | Place    | Note
-------+----------+-------------------------------------------
     0 | D:1      | Aske the Gargoyle Berserker began the quest for the Orb.
     0 | D:1      | Reached XP level 1. HP: 14/14 MP: 1/1
   115 | D:1      | Reached XP level 2. HP: 18/19 MP: 2/2
   622 | D:1      | Reached XP level 3. HP: 22/23 MP: 3/3
   801 | D:2      | Reached skill level 1 in Stealth
   909 | D:2      | Reached ** piety under Trog
   912 | D:2      | Reached XP level 4. HP: 22/28 MP: 4/4
  1028 | D:2      | Found a burning altar of Makhleb.
  1328 | D:2      | Noticed Robin
  1343 | D:2      | Killed Robin
  1494 | D:2      | Found a sacrificial altar of Ru.
  1689 | D:3      | Reached XP level 5. HP: 26/33 MP: 5/5
  1701 | D:3      | Reached skill level 4 in Maces & Flails
  1704 | D:3      | HP: 2/49 [orc/+0 short sword (3)]
  1707 | D:3      | Slain by a rat

Skill      XL: |  1  2  3  4  5 |
---------------+----------------+-----
Dodging        | 2 |  2.7
Stealth        | 1 |  1.9
Maces & Flails | 4 |  4.0
Armour         | 3 |  3.0
Fighting       | |  3.8

Action                   |  1- 3 |  4- 6 || total
-------------------------+-------+-------++-------
Melee: Mace              |    86 |    76 ||   162
Invok: Berserk           |       |     1 ||     1
 Stab: Sleeping          |     2 |       ||     2
  Eat: Chunk             |       |     2 ||     2
Armor: Animal skin       |    36 |    46 ||    82
Dodge: Dodged            |    50 |    70 ||   120
